 Dungeon Crawl Stone Soup version 0.27-a0-978-g2aa4ecdaef (webtiles) character file.

Game seed: 8680469609997786943

512 robertstho the Skirmisher (level 6, -1/48 HPs)
             Began as a Demonspawn Abyssal Knight on Apr 14, 2021.
             Was a Believer of Lugonu.
             Succumbed to Edmund's poison
             ... on level 4 of the Dungeon.
             The game lasted 00:06:15 (4576 turns).

robertstho the Skirmisher (DsAK)                    Turns: 4576, Time: 00:06:15

Health: -1/48      AC: 10    Str: 14    XL:     6   Next: 99%
Magic:  9/9        EV:  8    Int: 14    God:    Lugonu [**....]
Gold:   93         SH:  7    Dex: 12    Spells: 5/5 levels left

rFire    . . .     SeeInvis .   a - +2 falchion
rCold    . . .     Faith    .   b - +0 kite shield of the Invisible Hand {rElec}
rNeg     . . .     Spirit   .   c - +0 ring mail
rPois    .         Reflect  .   g - +1 helmet
rElec    +         Harm     .   m - +0 cloak
rCorr    .         Rampage  .   (no gloves)
Will     .....                  (no boots)
Stlth    +.........             (no amulet)
HPRegen  0.16/turn              (no ring)
MPRegen  0.11/turn              (no ring)

@: lethally poisoned (-1 -> -12)
A: talons 1, sharp scales 1
a: Renounce Religion, Depart the Abyss, Bend Space


You were on level 4 of the Dungeon.
You worshipped Lugonu.
Lugonu was pleased with you.
You visited 1 branch of the dungeon, and saw 4 of its levels.
You visited the Abyss 1 time.

You collected 147 gold pieces.
You spent 54 gold pieces at shops.

Inventory:

Hand Weapons
 a - a +2 falchion (weapon)
Missiles
 k - 2 javelins
 n - a throwing net
Armour
 b - the +0 kite shield of the Invisible Hand (worn) {rElec}
   (You acquired it on level 2 of the Dungeon)

   It insulates you from electricity.
 c - a +0 ring mail (worn)
 g - a +1 helmet (worn)
 m - a +0 cloak (worn)
 o - a +0 tower shield
Scrolls
 e - a scroll of enchant armour
 h - a scroll of amnesia
 j - a scroll of fog


   Skills:
 * Level 4.1 Fighting
 + Level 3.8 Long Blades
 * Level 4.0 Armour
 + Level 1.7 Dodging
 + Level 0.4 Stealth
 + Level 1.3 Shields
 * Level 4.0 Invocations


You had 5 spell levels left.
You didn't know any spells.
Your spell library contained the following spells:

 Spells                   Type           Power      Damage    Failure   Level
 Foxfire                  Conj/Fire      0%         2x1d4     98%         1
 Conjure Flame            Conj/Fire      0%         6-21      100%        3
 Inner Flame              Hex/Fire       0%         N/A       100%        3
 Sticky Flame             Conj/Fire      0%         2d3       100%        4
 Fireball                 Conj/Fire      0%         3d3       100%        5


Dungeon Overview and Level Annotations

Branches:
Dungeon (4/15)
 Temple: D:4-7

Altars:
Xom

Shops:
D:2 =*[(

Annotations:
D:2 1 runed translucent door, Crazy Yiuf
D:4 Edmund


Innate Abilities, Weirdness & Mutations

You have sharp toenails.
You are partially covered in razor-sharp scales. (AC +1, Slay +1)


Message History

You hit the orc.
You kill the orc!
Lugonu accepts your kill. The orc closely misses you.
You riposte.
You slash the orc!
You kill the orc!
Lugonu accepts your kill.
You closely miss Edmund. You claw Edmund.
Edmund is lightly wounded.
Edmund hits you with a +1 dire flail of venom.
You are poisoned.
You hit Edmund.
Edmund is lightly wounded.
You feel very sick. Edmund barely misses you. You block Edmund's attack.
You hit Edmund.
Edmund is lightly wounded.
You feel sick. Edmund completely misses you.
You hit Edmund. You claw Edmund.
Edmund is moderately wounded.
You feel sick. You block Edmund's attack.
Edmund hits you with a +1 dire flail of venom.
You hit Edmund but do no damage. Your kick misses Edmund.
Edmund is moderately wounded.
You feel sick. Edmund hits you but does no damage.
You are more poisoned.
You closely miss Edmund.
Edmund is moderately wounded.
You feel very sick. Edmund hits you but does no damage.
You are lethally poisoned!
You hit Edmund. You claw Edmund, but do no damage.
Edmund is moderately wounded.
* * * LOW HITPOINT WARNING * * *
You feel very sick.
Edmund hits you with a +1 dire flail of venom.
* * * LOW HITPOINT WARNING * * *
You block Edmund's attack.
You hit Edmund. You claw Edmund, but do no damage.
Edmund is moderately wounded.
You die...

##.# ##.##
##....§§@##
### ##.#
##...§#§§##
# #o##
##..###@o###
##.# ####
#..... #.##
##.... ##.#
#.... #h##
##... ##.###
#... #.#@#
##.. #.@##
**..# ##..#
*..## ##.#
###* ###


You could see Edmund.

Vanquished Creatures
  Eustachio (D:4)
  A black bear (D:4)
  A scorpion (D:4)
  A centaur skeleton (D:4)
  An orc wizard (D:3)
  A hound skeleton (D:4)
  Robin (D:3)
  2 adders
  2 worms
  2 dart slugs
  10 orcs
  2 bats
  4 endoplasms
  3 giant cockroaches
  12 goblins
  7 hobgoblins
  15 jackals
  2 quokkas (D:1)
  4 ball pythons
  5 frilled lizards
  A jackal skeleton (D:4)
  6 kobolds
  4 rats
88 creatures vanquished.

Notes
Turn   | Place    | Note
-------+----------+-------------------------------------------
     0 | Abyss:1  | robertstho the Demonspawn Abyssal Knight began the quest
                  | for the Orb.
     0 | Abyss:1  | Reached XP level 1. HP: 18/18 MP: 2/2
    78 | Abyss:1  | Noticed a bone dragon
    79 | D:1      | Escaped the Abyss
   795 | D:1      | Found a faded altar of an unknown god.
   833 | D:2      | Gained mutation: You are partially covered in razor-sharp
                  | scales. (AC +1, Slay +1) [demonic ancestry]
   833 | D:2      | Reached XP level 2. HP: 19/24 MP: 3/3
  1130 | D:2      | Reached * piety under Lugonu
  1162 | D:2      | Reached XP level 3. HP: 27/29 MP: 4/4
  1228 | D:2      | Found Husyzo's Antique Weapon Emporium.
  1324 | D:2      | Found a runed translucent door.
  1325 | D:2      | Noticed Crazy Yiuf
  1348 | D:2      | Found Biulic's Antique Armour Shoppe.
  1371 | D:2      | Reached skill level 1 in Dodging
  1374 | D:2      | Identified a scroll of acquirement
  1376 | D:2      | Acquired the +0 kite shield of the Invisible Hand {rElec}
  2246 | D:2      | Found Mutios's Assorted Antiques.
  2253 | D:2      | Bought a scroll labelled WOHEAMYAQO for 27 gold pieces
  2253 | D:2      | Bought a scroll labelled DALEOT WUASSO for 27 gold pieces
  2254 | D:2      | Found Eziceleu's Jewellery Emporium.
  2645 | D:3      | Noticed Robin
  2647 | D:3      | Reached XP level 4. HP: 35/35 MP: 6/6
  2647 | D:3      | Reached ** piety under Lugonu
  2662 | D:3      | Killed Robin
  2970 | D:3      | HP: 1/52 [something (3)]
  3485 | D:3      | Gained mutation: You have sharp toenails. [demonic
                  | ancestry]
  3485 | D:3      | Reached XP level 5. HP: 41/41 MP: 7/7
  3566 | D:3      | Found a shimmering altar of Xom.
  3991 | D:4      | Noticed Eustachio
  4029 | D:4      | Killed Eustachio
  4030 | D:4      | Reached skill level 1 in Shields
  4030 | D:4      | Reached XP level 6. HP: 27/48 MP: 8/8
  4513 | D:4      | Noticed Edmund
  4575 | D:4      | HP: 1/48 [Edmund/+1 dire flail of venom (6)]
  4576 | D:4      | Succumbed to Edmund's poison

Illustrated notes

Levels and vault maps discovered:
D:1:      scummos_arrival_forest, layout_loops_cross,
          shapermc_ecumenical_altar_mp_urbaneastern
D:2:      layout_loops_corners, serial_shops, shop, shop, shop, shop,
          uniq_crazy_yiuf_cottage
D:3:      layout_loops_ring, tgw_xom, uniq_robin
D:4:      layout_cave_pods, serial_rivers, chequers_serial_rivers_micro_b,
          chequers_serial_rivers_small_b, chequers_serial_rivers_micro_e,
          chequers_serial_rivers_room_b, chequers_serial_rivers_marsh,
          uniq_grinder, uniq_edmund, uniq_eustachio, uniq_blork_the_orc

Skill      XL: |  1  2  3  4  5  6 |
---------------+-------------------+-----
Armour         | 2 3 4 |  4.0
Long Blades    | 2 3 |  3.8
Dodging        | 1 |  1.7
Invocations    | 3 4 |  4.0
Shields        | 1 |  1.3
Fighting       | 4 |  4.1
Stealth        | |  0.4

Action                   |  1- 3 |  4- 6 || total
-------------------------+-------+-------++-------
Melee: Falchion          |   132 |   160 ||   292
       Kick              |       |    31 ||    31
Invok: Depart the Abyss  |     1 |       ||     1
  Use: Scroll            |     6 |     5 ||    11
       Potion            |       |    10 ||    10
Armor: Ring mail         |    80 |   116 ||   196
Dodge: Dodged            |    85 |    80 ||   165
Block: Kite shield       |    14 |    83 ||    97
       Tower shield      |     6 |       ||     6
       Rpst.: Falchion   |    32 |    24 ||    56

Table legend: (Time is in decaauts)
 A = Elapsed time spent in this place.
 B = Non-inter-level travel time spent in this place.
 C = Inter-level travel time spent in this place.
 D = Time resting spent in this place.
 E = Time spent auto-exploring this place.
 F = Levels seen in this place.
 G = Mean time per level.
                   A        B        C        D        E       F      G
               +--------+--------+--------+--------+--------+-----+--------+
         Total |   4692 |   4614 |     78 |    978 |   2898 |   5 |  938.4 |
       Dungeon |   4613 |   4535 |     78 |    978 |   2824 |   4 | 1153.2 |
         Abyss |     79 |     79 |      0 |      0 |     74 |   1 |   79.0 |
               +--------+--------+--------+--------+--------+-----+--------+

Top non-repeatable levels by time:
     D:2: 1678 daAuts
     D:3: 1487 daAuts
     D:1: 749 daAuts
     D:4: 698 daAuts
 Abyss:1: 79 daAuts
